Map: Newkirk Precinct TE (Void)

Players

Railgan

  • Race: Zerg Zerg
  • League: Grandmaster
  • Spawn Location: 7:00

Zenith - Winner!

  • Race: Zerg Zerg
  • League: Master
  • Spawn Location: 5:00

VOD

Have the link to the VOD?

Description

Time

  • Played on: March 17, 2017, 5:16 p.m.
  • Length: 17:03
Show
View Real Time Build Order
Export as new Build Order

Railgan Zerg 

Build Orders: Pool First, Swarm Host 

Get SALT Encoding   

  12  0:01  Drone  
  13  0:13  Overlord  
  13  0:18  Drone  
  14  0:31  Drone x2  
  16  0:36  Drone  
  17  0:46  Spawning Pool  
  17  0:49  Drone  
  17  0:58  Drone  
  18  1:13  Hatchery  
  18  1:14  Extractor  
  18  1:17  Drone  
  17  1:20  Drone  
  18  1:29  Drone  
  19  1:33  Queen  
  21  1:44  Drone  
  22  1:47  Spine Crawler  
  22  1:50  Overlord  
  21  2:03  Drone, Baneling Nest  
  21  2:11  Queen  
  23  2:18  Drone  
  24  2:23  Drone  
  24  2:28  Queen  
  27  2:40  Metabolic Boost  
  27  2:41  Zergling x2  
  28  2:45  Drone  
  28  2:50  Overlord  
  29  2:55  Drone x2  
  31  2:58  Drone  
  31  3:02  Drone  
  33  3:06  Drone  
  33  3:12  Zergling x2  
  35  3:14  Drone  
  35  3:19  Drone x2  
  38  3:24  Lair  
  38  3:27  Drone x2  
  40  3:35  Evolution Chamber  
  40  3:36  Drone  
  40  3:38  Baneling, Drone  
  40  3:41  Overlord  
  41  3:46  Drone x2  
  43  3:50  Drone  
  44  3:59  Overlord  
  44  4:00  Drone x2  
  44  4:01  Extractor x2, Drone x2  
  46  4:07  Zergling x4  
  46  4:09  Zerg Melee Weapons Level 1  
  48  4:10  Baneling  
  48  4:15  Zergling x2  
  48  4:16  Drone  
  48  4:17  Drone  
  51  4:19  Zergling x2  
  51  4:20  Baneling  
  52  4:26  Baneling  
  52  4:28  Zergling x6  
  52  4:30  Zergling x4  
  57  4:38  Drone x2  
  57  4:39  Overlord  
  57  4:40  Extractor  
  58  4:46  Infestation Pit  
  58  4:50  Drone x2  
  59  4:54  Drone  
  59  4:55  Overlord  
  61  5:00  Zergling x6  
  61  5:04  Overseer  
  61  5:10  Drone  
  62  5:22  Zergling x2  
  62  5:23  Hatchery, Zergling x8  
  62  5:27  Zergling x2  
  62  5:28  Baneling x3  
  67  5:33  Baneling x2  
  67  5:34  Zergling x2  
  68  5:38  Swarm Host  
  68  5:39  Swarm Host  
  70  6:00  Swarm Host x2  
  74  6:15  Zergling x2  
  74  6:17  Overlord x3  
  73  6:20  Overlord  
  71  6:38  Swarm Host  
  70  6:43  Infestor  
  70  6:44  Infestor x3  
  70  6:45  Queen  
  70  6:46  Queen x2  
  79  6:47  Zergling x2  
  79  6:48  Spore Crawler  
  79  6:50  Spore Crawler  
  79  6:51  Drone x2  
  79  6:53  Spore Crawler  
  80  6:54  Zergling x8  
  83  7:02  Zergling x2  
  83  7:03  Spore Crawler  
  83  7:06  Zerg Ground Armor Level 1  
  82  7:15  Spore Crawler  
  78  7:17  Spore Crawler  
  78  7:19  Drone x2  
  78  7:20  Overlord  
  78  7:22  Burrow  
  79  7:26  Zergling x8  
  82  7:35  Drone  
  82  7:36  Drone x3  
  85  7:45  Zergling x10  
  84  7:56  Drone  
  84  7:58  Overlord  
  85  7:59  Overlord  
  85  8:04  Drone x2, Pathogen Glands  
  87  8:06  Drone x2  
  89  8:25  Zergling x2  
  89  8:26  Zergling x10  
  95  8:32  Overseer  
  95  8:37  Infestor x5  
  102  8:42  Swarm Host  
  102  8:43  Swarm Host x2  
  102  8:48  Zergling x8  
  107  8:52  Baneling x3  
  107  8:55  Drone  
  110  8:57  Drone  
  110  8:58  Drone  
  112  9:08  Drone x4  
  117  9:10  Drone  
  117  9:11  Extractor, Overlord  
  117  9:12  Extractor  
  117  9:13  Spore Crawler  
  113  9:21  Zerg Melee Weapons Level 2  
  113  9:23  Evolution Chamber  
  112  9:26  Drone x7  
  112  9:31  Overlord  
  119  9:34  Overlord  
  119  9:37  Overlord, Zergling x6  
  122  9:41  Overlord  
  122  10:01  Hatchery  
  122  10:04  Zergling x20  
  122  10:05  Zergling x2  
  122  10:06  Swarm Host  
  132  10:13  Overlord  
  135  10:15  Swarm Host  
  135  10:16  Swarm Host x2  
  135  10:21  Overlord  
  144  10:23  Baneling  
  144  10:24  Baneling x4  
  144  10:25  Overlord  
  138  10:49  Zergling x18  
  121  10:50  Swarm Host x4  
  121  10:51  Swarm Host  
  121  10:55  Zergling x2  
  137  11:02  Swarm Host x4  
  137  11:03  Zergling x2  
  138  11:15  Zergling x2  
  122  11:21  Swarm Host  
  122  11:22  Swarm Host x2  
  122  11:24  Zergling x6  
  126  11:42  Swarm Host x6  
  126  11:45  Drone  
  142  12:00  Drone x2  
  143  12:07  Zergling x2  
  143  12:08  Baneling x6, Hatchery  
  144  12:11  Zerg Missile Weapons Level 1  
  138  12:41  Swarm Host x4  
  138  12:42  Swarm Host x7  
  138  12:44  Overlord  
  170  12:49  Zergling x6  
  173  12:53  Zergling x4  
  175  12:59  Infestor  
  177  13:07  Zergling x6  
  180  13:14  Extractor  
  179  13:24  Infestor x2  
  179  13:26  Zergling x2  
  184  13:28  Baneling  
  184  13:29  Baneling  
  183  13:50  Hatchery  
  154  14:03  Zergling x12  
  154  14:04  Zergling x2  
  154  14:08  Zergling x4  
  155  14:19  Infestor x2  
  141  14:43  Infestor x3  
  146  14:54  Zergling x6  
  149  15:21  Hatchery  
  148  15:30  Zergling x2  
  148  15:31  Zergling x2  
  147  15:53  Zergling x2  
  147  15:54  Zergling x8  
  147  15:59  Infestor x4  
  147  16:06  Zergling x12  
  125  16:44  Hatchery  
Show
View Real Time Build Order
Export as new Build Order

Zenith Zerg - Winner!

Build Orders: Hatch First, Muta Ling Bane 

Get SALT Encoding   

  12  0:00  Drone  
  13  0:13  Overlord  
  13  0:19  Drone  
  14  0:31  Drone x2  
  14  0:35  Drone  
  17  0:54  Hatchery  
  17  0:56  Drone  
  17  1:01  Extractor, Drone  
  17  1:09  Drone  
  18  1:19  Spawning Pool  
  18  1:22  Drone  
  18  1:29  Drone  
  19  1:38  Overlord  
  19  1:49  Drone  
  20  2:05  Metabolic Boost, Queen  
  20  2:06  Queen  
  20  2:07  Zergling x2  
  25  2:10  Zergling x2  
  25  2:14  Drone  
  27  2:17  Drone  
  27  2:22  Drone  
  29  2:28  Baneling Nest  
  28  2:34  Drone x2  
  30  2:40  Overlord  
  30  2:55  Zergling x4  
  32  3:02  Drone x2  
  34  3:06  Hatchery  
  34  3:08  Drone  
  34  3:17  Drone x4  
  38  3:23  Baneling x2  
  37  3:27  Evolution Chamber  
  37  3:31  Zergling x2  
  37  3:32  Zergling x2  
  37  3:34  Drone x2  
  40  3:38  Extractor  
  39  3:41  Overlord  
  39  3:52  Drone  
  39  3:53  Drone x2  
  39  3:54  Lair  
  39  3:55  Zergling x4  
  44  4:01  Drone x3  
  46  4:07  Extractor, Zerg Melee Weapons Level 1  
  46  4:09  Drone  
  46  4:11  Drone  
  47  4:17  Drone x3  
  50  4:32  Extractor, Drone x3  
  50  4:36  Drone, Overlord  
  53  4:38  Zergling x2  
  53  4:39  Zergling x4  
  53  4:41  Queen  
  58  4:47  Overlord  
  58  4:58  Spire  
  58  4:59  Extractor  
  56  5:03  Drone x2  
  56  5:05  Spore Crawler  
  56  5:08  Drone x4, Spore Crawler  
  59  5:14  Drone x2  
  59  5:15  Drone  
  59  5:19  Drone, Spore Crawler  
  62  5:25  Unknown  
  62  5:26  Baneling x2  
  62  5:30  Zergling x8  
  62  5:31  Zergling x2  
  66  5:40  Baneling x2  
  66  5:42  Overlord  
  66  5:43  Overlord  
  65  5:58  Zergling x6  
  65  5:59  Zergling x2  
  60  6:13  Mutalisk x8  
  75  6:18  Zerg Flyer Armor Level 1  
  75  6:20  Baneling x3  
  75  6:22  Zergling x4  
  77  6:26  Mutalisk  
  77  6:31  Zergling x6  
  76  6:42  Zergling x2  
  76  6:43  Zergling x6  
  77  6:52  Drone x8  
  82  6:59  Mutalisk x2  
  83  7:05  Zergling x4  
  83  7:06  Zergling x2  
  86  7:14  Queen  
  88  7:20  Centrifical Hooks  
  88  7:25  Zergling x2  
  88  7:27  Overlord x2  
  89  7:34  Zerg Melee Weapons Level 2  
  89  7:46  Zergling x2  
  89  7:47  Zergling x16  
  97  7:53  Drone x6  
  97  7:56  Baneling x3  
  103  8:00  Drone  
  103  8:01  Spine Crawler  
  103  8:10  Drone  
  103  8:11  Roach Warren  
  101  8:27  Drone x4  
  103  8:29  Extractor  
  103  8:52  Glial Reconstitution  
  103  9:01  Overlord x2  
  103  9:02  Overlord x5  
  103  9:12  Hatchery  
  103  9:14  Zergling x4  
  103  9:15  Zergling x2  
  105  9:26  Roach  
  105  9:27  Roach x16  
  139  9:32  Roach x4  
  147  9:41  Roach  
  147  9:42  Roach  
  151  9:50  Zerg Missile Weapons Level 1  
  151  9:58  Overlord x2  
  151  10:07  Overseer  
  151  10:08  Overseer  
  151  10:09  Pneumatized Carapace  
  137  10:14  Roach  
  137  10:15  Roach x8  
  137  10:17  Baneling x7  
  137  10:18  Baneling x22  
  137  10:20  Zergling x2  
  137  10:21  Zergling x4  
  152  10:22  Ravager  
  152  10:23  Ravager x5  
  158  10:32  Zergling x2  
  158  10:33  Zergling x10  
  134  10:50  Roach x9  
  134  10:51  Baneling x5  
  150  11:06  Roach x8  
  156  11:22  Roach  
  156  11:23  Roach x5  
  154  11:33  Zergling x2  
  154  11:34  Zergling x16  
  161  11:43  Zergling x10  
  154  12:01  Overseer  
  154  12:07  Baneling  
  154  12:08  Baneling x30  
  152  12:09  Baneling  
  152  12:10  Ravager x2  
  152  12:11  Ravager, Overseer  
  155  12:18  Roach  
  155  12:19  Roach  
  159  12:36  Roach x6  
  152  12:44  Zergling x2  
  152  12:45  Zergling x12  
  159  12:52  Extractor  
  156  12:58  Zergling x2  
  156  12:59  Zergling x4  
  156  13:00  Overlord x4  
  159  13:11  Baneling x6  
  159  13:18  Baneling  
  159  13:19  Baneling x8  
  159  13:20  Zergling x14  
  159  13:25  Baneling x5  
  166  13:30  Drone x2  
  166  13:31  Drone x4  
  172  13:39  Baneling x12  
  172  13:40  Hatchery  
  170  13:41  Zergling x4  
  170  13:42  Zergling x2  
  152  14:01  Roach  
  152  14:02  Roach x7  
  152  14:05  Roach x2  
  151  14:12  Roach x4  
  151  14:13  Baneling  
  151  14:14  Baneling  
  136  14:40  Zergling x2  
  136  14:41  Zergling x12  
  139  14:45  Overseer  
  139  14:47  Zergling x4  
  141  14:53  Zergling x14  
  148  15:02  Extractor  
  148  15:04  Baneling x9  
  148  15:05  Baneling x6  
  147  15:14  Baneling  
  147  15:15  Baneling x17  
  147  15:16  Roach x4  
  147  15:17  Roach  
  157  15:21  Zergling x2  
  157  15:22  Zergling x6  
  146  15:44  Roach x13  
  164  15:55  Roach x6  
  164  16:06  Zergling x2  
  164  16:07  Zergling x14  
  167  16:19  Zergling x12  
  173  16:28  Baneling  
  173  16:30  Baneling x2  
  173  16:31  Baneling x11  
  173  16:33  Baneling x6  
  173  16:41  Baneling x7  
  173  16:42  Baneling x3  
Tags
 
Add a new tag
Caveats
  • Supply blocks, unpowered buildings, or Contaminate may cause inaccurate times.
  • Supply counts are checked every 10 seconds.